 Dungeon Crawl Stone Soup version 0.28-a0-245-g639a1a48b9 (webtiles) character file.

Game seed: 13930733880773364898

60 Colgate the Ruffian (level 3, 0/36 HPs)
             Began as a Troll Monk on Aug 25, 2021.
             Slain by a goblin (4 damage)
             ... led by Robin
             ... on level 2 of the Dungeon.
             The game lasted 00:02:44 (813 turns).

Colgate the Ruffian (Troll Monk)                     Turns: 813, Time: 00:02:45

Health: 0/36       AC:  4    Str: 20    XL:     3   Next: 80%
Magic:  2/2        EV: 10    Int:  6    God:
Gold:   22         SH:  0    Dex: 12    Spells: 2/2 levels left

rFire   . . .      SeeInvis .     - Unarmed
rCold   . . .      Faith    .   (no shield)
rNeg    . . .      Spirit   .   a - +0 robe
rPois   .          Reflect  .   (helmet restricted)
rElec   .          Harm     .   (no cloak)
rCorr   .          Rampage  .   (gloves unavailable)
Will    .....                   (boots unavailable)
Stlth   ++........              (no amulet)
HPRegen 1.12/turn               (no ring)
MPRegen 0.08/turn               (no ring)

@: no status effects
A: large, unfitting armour, claws 3, regeneration 1, shaggy fur 1, tough skin 1
a: no special abilities


You were on level 2 of the Dungeon.
You visited 1 branch of the dungeon, and saw 2 of its levels.

You collected 22 gold pieces.


Innate Abilities, Weirdness & Mutations

You are too large for most types of armour.
You have claws for hands.
Your natural rate of healing is unusually fast.
You are covered in fur. (AC +1)
You have tough skin. (AC +1)


   Skills:
 - Level 2.4 Fighting
 - Level 2.4 Dodging
 - Level 1.0 Stealth
 + Level 4.8 Unarmed Combat


You had 2 spell levels left.
You didn't know any spells.
Your spell library was empty.

Inventory:

Armour
 a - a +0 robe (worn)
Wands
 d - a wand of digging (8)
Scrolls
 b - a scroll of torment {unknown}
 e - a scroll of fear {unknown}
Potions
 c - a potion of degeneration {unknown}
 h - a potion of ambrosia {unknown}

Dungeon Overview and Level Annotations

Branches:
Dungeon (2/15)

Altars:


Message History

The goblin hits you with a +0 dagger. The goblin barely misses you.
Robin hits you but does no damage.
You claw Robin!
Robin is severely wounded.
The goblin hits you but does no damage. The goblin misses you.
Robin drinks a potion.
Robin is healed!
You scratch Robin. You claw Robin, but do no damage.
Robin is moderately wounded.
The goblin closely misses you. The goblin hits you with a +0 dagger.
Robin closely misses you.
You claw Robin!
Robin is almost dead.
The goblin closely misses you. The goblin barely misses you.
Robin hits you with a +0 short sword.
You claw Robin!
You kill Robin!
The goblin completely misses you. The goblin barely misses you.
You barely miss the hobgoblin. The hobgoblin hits you.
The goblin hits you with a +0 dagger. The goblin closely misses you.
You claw the hobgoblin!
You kill the hobgoblin!
The goblin hits you but does no damage. The goblin misses you.
You closely miss the hobgoblin. The hobgoblin misses you.
You closely miss the hobgoblin. Your claw misses the hobgoblin.
The goblin barely misses you. The goblin hits you with a +0 dagger.
The hobgoblin hits you but does no damage.
You closely miss the hobgoblin. The goblin closely misses you.
The goblin barely misses you.
You barely miss the hobgoblin. The hobgoblin hits you.
The goblin hits you but does no damage. The goblin hits you with a +0 dagger.
You barely miss the hobgoblin. You claw the hobgoblin.
The hobgoblin is heavily wounded.
The goblin no longer looks unusually strong.
The hobgoblin no longer looks unusually strong.
The hobgoblin closely misses you. The goblin barely misses you.
The goblin hits you with a +0 dagger.
You die...

#.#..#..# #...# ##
#.##.#..# #...#######
........# #...>......
......######...#####..
#.#....)..g.......... .
#....................
#..#...g............[..>
#.....gg######..........
......gg@# ##...#######
####...### #........#
###. #........# #.
#........# #. #.)....).#
.. #........# ##
#..%....##
#######.###..###
........#......


You could see 2 hobgoblins and 3 goblins.

Vanquished Creatures
  Robin (D:2)
  2 adders (D:2)
  A worm (D:2)
  A dart slug (D:1)
  An orc (D:2)
  2 ball pythons
  2 bats
  2 endoplasms (D:1)
  5 goblins (D:2)
  3 hobgoblins
  A frilled lizard (D:1)
  2 kobolds
  3 rats
26 creatures vanquished.

Notes
Turn   | Place    | Note
-------+----------+-------------------------------------------
     0 | D:1      | Colgate the Troll Monk began the quest for the Orb.
     0 | D:1      | Reached XP level 1. HP: 22/22 MP: 0/0
     0 | D:1      | 0 ||| counter = 96
    91 | D:1      | Found a faded altar of an unknown god.
   185 | D:1      | Reached XP level 2. HP: 29/29 MP: 1/1
   463 | D:1      | 463 ||| READING scroll labelled VOPPOIXISOYL.
   464 | D:1      | 464 ||| READING 3 scrolls labelled FOUMAYWASK.
   465 | D:1      | 465 ||| READING scroll labelled ZEYDUX MOYLIAPLEH.
   466 | D:1      | 466 ||| READING scroll labelled JOYNITREOTZ.
   467 | D:1      | 467 ||| DRINKING 2 smoky puce potions.
   501 | D:1      | 501 ||| DROPPING 2 scrolls of amnesia.
   502 | D:1      | 502 ||| DROPPING potion of lignification.
   604 | D:2      | Reached skill level 4 in Unarmed Combat
   716 | D:2      | Reached XP level 3. HP: 36/36 MP: 2/2
   766 | D:2      | Noticed Robin
   774 | D:2      | 774 ||| Stepping ~*~*~tactically~*~*~ (outnumbered).
   775 | D:2      | 775 ||| Stepping ~*~*~tactically~*~*~ (outnumbered).
   776 | D:2      | 776 ||| Stepping ~*~*~tactically~*~*~ (outnumbered).
   777 | D:2      | 777 ||| Stepping ~*~*~tactically~*~*~ (outnumbered).
   778 | D:2      | 778 ||| Stepping ~*~*~tactically~*~*~ (outnumbered).
   785 | D:2      | 785 ||| Stepping ~*~*~tactically~*~*~ (outnumbered).
   786 | D:2      | 786 ||| Stepping ~*~*~tactically~*~*~ (outnumbered).
   787 | D:2      | 787 ||| Stepping ~*~*~tactically~*~*~ (outnumbered).
   788 | D:2      | 788 ||| Stepping ~*~*~tactically~*~*~ (outnumbered).
   806 | D:2      | Killed Robin
   807 | D:2      | HP: 6/36 [goblin[Robin] (5)]
   812 | D:2      | HP: 5/36 [hobgoblin[Robin] (3)]
   813 | D:2      | Slain by a goblin

Levels and vault maps discovered:
D:1:      amcnicky_arrival_feature_with_door, layout_rooms,
          hellmonk_ecumenical_altar_crossroads
D:2:      layout_loops_cross, serial_shops, shop, uniq_natasha, uniq_robin

Skill      XL: |  1  2 |
---------------+-------+-----
Unarmed Combat | 4 |  4.8
Fighting       | |  2.4
Dodging        | |  2.4
Stealth        | |  1.0

Action                   || total
-------------------------++-------
Melee: Unarmed           ||    72
       Punch             ||     5
  Use: Scroll            ||     4
       Potion            ||     1
Armor: Robe              ||    24
Dodge: Dodged            ||    47

Table legend:
 A = Non-vault XP
 B = Vault XP
 C = Vault XP percentage of total XP
 D = Non-vault monster count
 E = Vault monster count
 F = Vault count percentage of total count
                 A         B        C        D         E       F
            +---------+---------+-------+---------+---------+-------
      Total |      61 |      25 |  29.1 |      20 |       6 |  23.1
            +---------+---------+-------+---------+---------+-------
        D:1 |      17 |       0 |   0.0 |       9 |       0 |   0.0
        D:2 |      44 |      25 |  36.2 |      11 |       6 |  35.3
            +---------+---------+-------+---------+---------+-------
